 Dungeon Crawl Stone Soup version 0.30.0-5-g1a98f26d00 (webtiles) character file.

Game seed: 14883176372629513384

7247 Jase the Severer (level 11, -1/84 HPs)
             Began as a Hill Orc Fighter on May 9, 2023.
             Was a High Priest of Beogh.
             Shot with an arrow by an archer statue (18 damage)
             ... on level 10 of the Dungeon.
             The game lasted 00:16:49 (10150 turns).

Jase the Severer (Hill Orc Fighter)                Turns: 10150, Time: 00:16:49

Health: -1/84      AC: 11    Str: 24    XL:     11   Next: 12%
Magic:  19/19      EV:  8    Int:  8    God:    Beogh [*****.]
Gold:   329        SH:  4    Dex: 10    Spells: 10/10 levels left

rFire   + . .        a - +0 war axe
rCold   + . .        c - +0 buckler
rNeg    . . .        n - +0 chain mail {rPois}
rPois   +            (no helmet)
rElec   .            K - scarf {rC+ rF+}
rCorr   .            q - +1 pair of gloves {Stlth+}
SInv    .            (no boots)
Will    .....        D - amulet of faith Stlth
                     t - +4 ring of slaying
HPRegen 0.34/turn    E - ring of poison resistance
MPRegen 0.16/turn

%: faith
@: no status effects
A: walk on water
a: Renounce Religion, Smiting, Recall Orcish Followers, Give Item to Named
Follower


You were on level 10 of the Dungeon.
You worshipped Beogh.
Beogh was extremely pleased with you.
You visited 1 branch of the dungeon, and saw 10 of its levels.

You collected 678 gold pieces.
You spent 349 gold pieces at shops.

Inventory:

Hand Weapons
 a - a +0 war axe (weapon)
 b - a +0 hand axe of flaming
Missiles
 o - a curare-tipped dart
 I - 8 poisoned darts (quivered)
Armour
 c - a +0 buckler (worn)
 n - a +0 chain mail of poison resistance (worn)
 q - a +1 pair of gloves of stealth (worn)
 K - a scarf of resistance (worn)
Jewellery
 t - a +4 ring of slaying (left hand)
 B - a ring of willpower
 D - an amulet of faith (around neck)
 E - a ring of poison resistance (right hand)
 N - a ring of see invisible
Wands
 u - a wand of roots (13)
 L - a wand of charming (4)
Scrolls
 e - a scroll of enchant armour {unknown}
 f - a scroll of noise {unknown}
 h - 3 scrolls of fog {unknown}
 j - 4 scrolls of amnesia {unknown}
 m - 5 scrolls of teleportation
 s - a scroll of fear {unknown}
 v - 2 scrolls of torment {unknown}
 w - 3 scrolls of blinking {unknown}
 y - a scroll of poison {unknown}
 G - a scroll of magic mapping {unknown}
 J - a scroll of brand weapon {unknown}
 O - a scroll of immolation
Potions
 d - a potion of might
 g - 2 potions of ambrosia
 i - 4 potions of cancellation
 k - 3 potions of heal wounds
 l - 6 potions of flight
 p - 5 potions of curing
 r - 2 potions of mutation
 x - 2 potions of attraction
 z - 2 potions of resistance
 C - 2 potions of berserk rage
 H - 2 potions of haste
 M - a potion of invisibility


   Skills:
 + Level 4.1 Fighting
 * Level 18.3 Axes
 + Level 3.7 Armour
 - Level 3.2 Shields
 + Level 10.7 Invocations


You had 10 spell levels left.
You didn't know any spells.
Your spell library contained the following spells:

 Spells                   Type           Power      Damage    Failure   Level
 Foxfire                  Conj/Fire      0%         2x1d4     96%         1
 Sandblast                Erth           0%         2d4       96%         1
 Slow                     Hex            0%         N/A       96%         1
 Blink                    Tloc           0%         N/A       99%         2
 Ensorcelled Hibernation  Hex/Ice        0%         N/A       99%         2
 Lesser Beckoning         Tloc           0%         N/A       99%         2
 Momentum Strike          Conj/Tloc      0%         3d8       99%         2
 Confusing Touch          Hex            0%         N/A       100%        3
 Dazzling Flash           Conj/Hex       0%         N/A       100%        3
 Hailstorm                Conj/Ice       0%         3d3       100%        3
 Spider Form              Tmut/Pois      0%         N/A       100%        3
 Vampiric Draining        Necr           0%         2d6       100%        3
 Volatile Blastmotes      Fire/Tloc      0%         2d10      100%        3
 Anguish                  Hex/Necr       0%         N/A       100%        4
 Ice Form                 Ice/Tmut       0%         N/A       100%        4
 Iskenderun's Mystic Bla  Conj/Tloc      0%         2d3       100%        4
 Manifold Assault         Tloc           0%         N/A       100%        4
 Summon Ice Beast         Ice/Summ       0%         N/A       100%        4
 Agony                    Necr           0%         N/A       100%        5
 Silence                  Hex/Air        0%         N/A       100%        5
 Summon Mana Viper        Hex/Summ       0%         N/A       100%        5
 Simulacrum               Ice/Necr       0%         N/A       100%        6
 Starburst                Conj/Fire      0%         6d3       100%        6
 Monstrous Menagerie      Summ           0%         N/A       100%        7
 Storm Form               Tmut/Air       0%         N/A       100%        7
 Lehudib's Crystal Spear  Conj/Erth      0%         10d2      100%        8


Dungeon Overview and Level Annotations

Branches:
Dungeon (10/15)            Temple (0/1) D:4
   Lair: D:8-11         Orc: D:9-12

Altars:
Ashenzari
Cheibriados
Dithmenos
Elyvilon
Fedhas
Gozag
Hepliaklqana
Kikubaaqudgha
Makhleb
Okawaru
Ru
Sif Muna
Trog
Uskayaw
Yredelemnul
Zin
The Shining One

Shops:
D:1 ?   D:9 !

Annotations:
D:7 exclusion: door
D:10 exclusion: 2 statues


Message History

Orders for allies: a - Attack new target. r - Retreat! s - Stop attacking. g - Guard the area. f - Follow me.
Anything else - Cancel.
Retreat in which direction?
Press: ? - help, Dir - move target Fall back!
Your orc knight hits the bush but does no damage.
Unknown command.
Your orc knight hits the bush with a +0 flail!
Your orc knight hits the bush with a +0 flail!
Really walk into a travel-excluded area? [Y]es or [N]o only, please.
Really walk into a travel-excluded area?
Your orc knight hits the bush with a +0 flail!
The archer statue shoots an arrow.
You block the arrow.
The archer statue shoots an arrow.
You block the arrow.
There is an open door, spattered with blood here.
Unknown command.
Your orc knight hits the bush with a +0 flail.
The archer statue shoots an arrow.
The arrow hits you!
You hit the bush but do no damage.
The bush is heavily damaged.
You hit the bush but do no damage.
Your orc knight hits the bush with a +0 flail.
You hit the bush but do no damage.
The bush is heavily damaged.
You completely miss the bush.
The archer statue shoots an arrow.
The arrow hits you!
* * * LOW HITPOINT WARNING * * *
The archer statue shoots an arrow.
The arrow barely misses you.
You hit the bush but do no damage.
The bush is heavily damaged.
You hit the bush.
Your orc knight completely misses the bush.
The archer statue shoots an arrow.
The arrow hits you but does no damage.
The archer statue shoots an arrow.
You block the arrow.
Your orc knight hits the bush with a +0 flail!
The archer statue shoots an arrow.
The arrow hits you!!
You die...

#.......#..........#
........#.......o..#
#.......##........##
..................##
..##..###..........#
####.......#####...#
#.####..#.8.#...#
##.# #.##PPP##..#
#..# #.#[.o..@.>#
###.#####.##PPP##.##
#..o# #.#..#.8.#..#
#.### #.#..#####..#
#.# ###.#....oo...#
#.###oo.##..##...##
#...o.#o#.o###...#
#..####o#.## #..)#
..o# #...####...#


You could see 2 archer statues and a friendly orc knight.

Vanquished Creatures
  A centaur warrior (D:8)
  A guardian serpent (shapeshifter) (D:8)
  A komodo dragon (D:10)
  2 trolls
  A wyvern (D:10)
  A steam dragon (D:8)
  2 humans (D:9)
  Menkaure (D:7)
  9 yaks
  An acid dragon (D:10)
  A sky beast (D:7)
  2 black bears
  3 ice beasts
  4 ogres
  A centaur (D:10)
  2 kobold brigands
  4 scorpions
  2 wights (D:8)
  5 howler monkeys
  3 hounds
  A gnoll bouda (D:9)
  5 orc priests
  4 jellies
  A sleepcap (D:6)
  Natasha (thrice) (D:4)
  4 iguanas
  4 orc wizards
  Robin (D:4)
  11 gnolls
  12 adders
  4 white imps
  An ufetubus (D:6)
  A worm (D:3)
  3 dart slugs
  10 orcs
  9 endoplasms
  2 giant cockroaches
  19 goblins
  10 hobgoblins
  2 jackals (D:1)
  7 quokkas
  9 ball pythons
  2 bats
  5 frilled lizards
  15 kobolds
  7 rats
199 creatures vanquished.

Vanquished Creatures (collateral kills)
  A cyclops (D:8)
  An unseen horror (shapeshifter) (D:8)
  A troll (D:8)
  3 yaks
  3 bullfrogs (D:10)
  A kobold brigand (D:8)
  A gnoll sergeant (D:9)
  4 wights
  A howler monkey (D:10)
  An orc priest (D:9)
  A gnoll bouda (D:10)
  3 orc wizards (D:9)
  5 gnolls
  4 orcs
  3 kobolds
33 creatures vanquished.

Vanquished Creatures (others)
  An orc priest (D:4)
  An iguana (D:4)
  8 orcs
  6 frilled lizards (D:4)
  A goblin (D:4)
17 creatures vanquished.

Grand Total: 249 creatures vanquished

Notes
Turn   | Place    | Note
-------+----------+-------------------------------------------
     0 | D:1      | Jase the Hill Orc Fighter began the quest for the Orb.
     0 | D:1      | Reached XP level 1. HP: 19/19 MP: 1/1
    11 | D:1      | Reached skill level 3 in Axes
    40 | D:1      | Reached XP level 2. HP: 26/26 MP: 2/2
   171 | D:1      | Reached skill level 4 in Axes
   364 | D:1      | Reached XP level 3. HP: 29/31 MP: 3/3
   619 | D:1      | Found The Oracle's Delphic Readings.
   623 | D:1      | Bought a scroll of identify for 22 gold pieces
   684 | D:1      | Bought a scroll of teleportation for 33 gold pieces
   826 | D:2      | Reached skill level 5 in Axes
   980 | D:2      | Reached XP level 4. HP: 34/39 MP: 4/4
   982 | D:2      | Got Juink's Notes on Fire and the Anticline
   985 | D:2      | Identified the +7 whip "Waneeb" {vamp, rN++}
  1070 | D:2      | Found a faded altar of an unknown god.
  1078 | D:2      | Reached skill level 6 in Axes
  1406 | D:3      | Noticed an ogre
  1413 | D:3      | Killed an ogre
  1414 | D:3      | Reached skill level 7 in Axes
  1414 | D:3      | Reached XP level 5. HP: 29/45 MP: 5/5
  1991 | D:4      | Became a worshipper of Beogh the Brigand
  1993 | D:4      | Found a broken altar of Ashenzari.
  2160 | D:4      | Reached skill level 8 in Axes
  2160 | D:4      | Reached XP level 6. HP: 51/51 MP: 6/6
  2534 | D:3      | Identified the +4 sling of Conscience {flame, rF+}
  2608 | D:3      | Found a bloodstained altar of Trog.
  2705 | D:4      | Reached skill level 9 in Axes
  2708 | D:4      | Noticed Robin
  2721 | D:4      | Reached * piety under Beogh
  2740 | D:4      | Killed Robin
  2867 | D:4      | Noticed Natasha
  2870 | D:4      | Killed Natasha
  2871 | D:4      | Reached XP level 7. HP: 57/57 MP: 7/7
  2927 | D:4      | Noticed Natasha
  2930 | D:4      | Killed Natasha
  3006 | D:4      | Noticed Natasha
  3008 | D:4      | Killed Natasha
  3009 | D:4      | Reached skill level 10 in Axes
  3049 | D:4      | Found a staircase to the Ecumenical Temple.
  3274 | D:5      | Entered Level 5 of the Dungeon
  3473 | D:5      | Reached skill level 11 in Axes
  3517 | D:5      | Found a glowing silver altar of Zin.
  3558 | D:5      | Found a basalt altar of Yredelemnul.
  3826 | D:5      | Reached ** piety under Beogh
  3950 | D:5      | Reached XP level 8. HP: 55/64 MP: 8/8
  4008 | D:5      | Reached skill level 1 in Invocations
  4219 | D:5      | Found a white marble altar of Elyvilon.
  4219 | D:5      | Found a glowing golden altar of the Shining One.
  4292 | D:5      | Reached skill level 12 in Axes
  4613 | D:6      | Found an opulent altar of Gozag.
  4768 | D:6      | Reached skill level 13 in Axes
  4976 | D:7      | Reached *** piety under Beogh
  5094 | D:7      | Reached skill level 5 in Invocations
  5116 | D:7      | Reached XP level 9. HP: 70/70 MP: 12/12
  5271 | D:7      | Found a hide-covered altar of Uskayaw.
  5279 | D:7      | Reached skill level 14 in Axes
  5444 | D:7      | Found a bloodstained altar of Trog.
  5467 | D:7      | Found a shimmering blue altar of Sif Muna.
  5540 | D:7      | Noticed Menkaure
  5547 | D:7      | Killed Menkaure
  5645 | D:7      | Found a snail-covered altar of Cheibriados.
  5645 | D:7      | Found an ancient bone altar of Kikubaaqudgha.
  5652 | D:7      | Found a hazy altar of Hepliaklqana.
  5654 | D:7      | Found a sacrificial altar of Ru.
  5656 | D:7      | Found a blossoming altar of Fedhas.
  6156 | D:8      | Found a burning altar of Makhleb.
  6247 | D:8      | Noticed a cyclops
  6255 | D:8      | Killed a cyclops
  6256 | D:8      | Reached skill level 15 in Axes
  6458 | D:8      | Noticed a troll
  6465 | D:8      | Killed a troll
  6546 | D:8      | Noticed a meliai
  6547 | D:8      | a meliai changed into a guardian serpent
  6547 | D:8      | Noticed a guardian serpent (shapeshifter)
  6558 | D:8      | Killed a guardian serpent
  6760 | D:8      | Killed an unseen horror
  6761 | D:8      | Reached XP level 10. HP: 67/77 MP: 14/16
  6770 | D:8      | Gained Borgoth as an ally
  6771 | D:8      | Reached skill level 16 in Axes
  7230 | D:8      | Noticed a centaur warrior
  7244 | D:8      | Killed a centaur warrior
  7817 | D:9      | Gained Grimold as an ally
  7931 | D:9      | Found an iron altar of Okawaru.
  7943 | D:9      | Reached **** piety under Beogh
  8181 | D:9      | Found Koasmus's Distillery.
  8192 | D:9      | Reached skill level 17 in Axes
  8200 | D:9      | Bought a potion of flight for 42 gold pieces
  8200 | D:9      | Bought a potion of haste for 140 gold pieces
  8200 | D:9      | Bought a potion of invisibility for 112 gold pieces
  8271 | D:9      | Found a shadowy altar of Dithmenos.
  9086 | D:10     | Entered Level 10 of the Dungeon
  9097 | D:10     | Identified the +1 short sword of Collusion {spect, Dex+5}
  9223 | D:10     | Reached skill level 10 in Invocations
  9333 | D:10     | Reached ***** piety under Beogh
  9334 | D:10     | Reached skill level 18 in Axes
  9343 | D:10     | Reached XP level 11. HP: 24/82 MP: 18/18
 10134 | D:10     | Noticed an archer statue
 10135 | D:10     | Noticed an archer statue
 10150 | D:10     | Shot with an arrow by an archer statue

Illustrated notes

Levels and vault maps discovered:
D:1:      psy_arrival_basics, layout_basic, minmay_misc_feat_doors,
          serial_bayou_lagoon_a, nicolae_nh_oracle_at_delphi
D:2:      layout_rooms, nicolae_ecumenical_oubliette, minmay_misc_feat_alley
D:3:      layout_basic, marbit_many_paths, minmay_misc_feat_tiny
D:4:      layout_loops_ring, mainiacjoe_overflow_surrounded_room,
          minmay_temple_entry_ruins, minivault_19, nrook_campfire,
          minmay_lizard_king, uniq_natasha, uniq_robin
D:5:      layout_loops_corners, dreamdust_divine_triumvirate,
          old_standard_altar, hangedman_abyss_or_decor_lesser_grid
D:6:      layout_rooms, mainiacjoe_overflow_cross_hatched
D:7:      nicolae_cairo_tiling_very_big, layout_basic, led_sif_book,
          chequers_temple_overflow_minitemple, hangedman_feature_mirror,
          nicolae_fountain_basement, uniq_menkaure
D:8:      minmay_diamond_stairs, layout_layer_cave,
          mainiacjoe_overflow_boulevard, serial_bayou_pond_e
D:9:      nicolae_hitomezashi [nicolae_hito_row, nicolae_hito_row,
          nicolae_hito_row, nicolae_hito_row, nicolae_hito_row,
          nicolae_hito_row, nicolae_hito_row, nicolae_hito_row,
          nicolae_hito_row, nicolae_hito_row, nicolae_hito_row,
          nicolae_hito_row, nicolae_hito_row, nicolae_hito_row,
          nicolae_hito_row, nicolae_hito_row, nicolae_hito_row,
          nicolae_hito_row], layout_basic, okawaru_humans, lemuel_doored_altar,
          serial_shops, nicolae_shop_industrial_runoff
D:10:     layout_rooms, grunt_lair_entry_orc_guard_hut,
          minmay_dual_archer_statues

Skill      XL: |  1  2  3  4  5  6  7  8  9 10 11 |
---------------+----------------------------------+-----
Axes           | 3 4 5 7 8 9 11 13 15 18 | 18.3
Invocations    | 5 8 10 | 10.7
Fighting       | 4 |  4.1
Armour         | |  3.7
Shields        | |  3.2

Action                     |  1- 3 |  4- 6 |  7- 9 | 10-12 || total
---------------------------+-------+-------+-------+-------++-------
  Melee: War axe           |    86 |   183 |   224 |   168 ||   661
 Invoke: Convert to Beogh  |       |     1 |       |       ||     1
    Use: Scroll            |     1 |       |     6 |     5 ||    12
   Stab: Distracted        |       |       |     2 |     2 ||     4
 Armour: Scale mail        |    27 |       |       |       ||    27
         Chain mail        |     1 |   102 |    98 |    56 ||   257
  Dodge: Dodged            |    42 |    67 |    59 |    52 ||   220
  Block: Buckler           |    17 |    32 |    33 |    26 ||   108
